SOB
MERIDA OLAS @ DURANGO DESERT DOGS
01/03/1982
 
TOP OF THE 1ST
Panama City Capitales batting - Pitching for Nassau Black Sails : RHP Ronald DeJean
Pitching: RHP Ronald DeJean
Batting: SHB Tim Raines 0-0: Ball
1-0: Ball
2-0: Swinging Strike
2-1: Ball
3-1: Bunted foul
3-2: Strikes out swinging
Batting: RHB David Hall 0-0: Ball
1-0: Swinging Strike
1-1: Foul Ball, location: 2F
1-2: Strikes out swinging
Batting: LHB Kent Hrbek 0-0: Fly out, F9 (Flyball, 9LM, EV 83.1 MPH)
Top of the 1st over - 0 runs, 0 hits, 0 errors, 0 left on base; Panama City 0 - Nassau 0
BOTTOM OF THE 1ST
Nassau Black Sails batting - Pitching for Panama City Capitales : RHP Gene Nelson
Pitching: RHP Gene Nelson
Batting: RHB Rob Andrews 0-0: Ball
1-0: Ball
2-0: Swinging Strike
2-1: Swinging Strike
2-2: Ball
3-2: Base on Balls
Batting: LHB Creighton Tevlin 0-0: Ball
1-0: Ball
Rob Andrews steals 2nd base (no throw)
2-0: Ball
3-0: Called Strike
3-1: Ground out 5-3 (Groundball, 56S, EV 66.9 MPH)
Rob Andrews to third
Batting: LHB Jason Turner 0-0: Ball
1-0: Swinging Strike
1-1: Ball
2-1: Ground out U3 (Groundball, 3, EV 87.5 MPH)
Batting: LHB Phil Childers 0-0: Called Strike
0-1: Ball
1-1: Foul Ball, location: 2F
1-2: Ball
2-2: Ball
3-2: Base on Balls
Batting: RHB Gene Laguna 0-0: Ball
1-0: Fly out, F8 (Flyball, 8LM, EV 76.9 MPH)
Bottom of the 1st over - 0 runs, 0 hits, 0 errors, 2 left on base; Panama City 0 - Nassau 0
TOP OF THE 2ND
Panama City Capitales batting - Pitching for Nassau Black Sails : RHP Ronald DeJean
Batting: RHB Pedro Guerrero 0-0: Ball
1-0: Fly out, F8 (Flyball, 8RD, EV 99.4 MPH)
Batting: RHB Rod Allen 0-0: Ball
1-0: Called Strike
1-1: Foul Ball, location: 2F
1-2: Ball
2-2: Foul Ball, location: 2F
2-2: Ball
3-2: Foul Ball, location: 2F
3-2: Base on Balls
Batting: SHB Larry Hyman 0-0: Ball
1-0: Ball
2-0: Ball
3-0: Called Strike
3-1: Foul Ball, location: 2F
3-2: Base on Balls
Rod Allen to second
Batting: LHB Denny Porter 0-0: Called Strike
0-1: Grounds into double play, 1-6-3 (Groundball, 34S, EV 80.6 MPH)
Top of the 2nd over - 0 runs, 0 hits, 0 errors, 1 left on base; Panama City 0 - Nassau 0
BOTTOM OF THE 2ND
Nassau Black Sails batting - Pitching for Panama City Capitales : RHP Gene Nelson
Batting: RHB Juan Martinez 0-0: Called Strike
0-1: Ground out 4-3 (Groundball, 4, EV 107.5 MPH)
Batting: RHB Justin Henderson 0-0: Swinging Strike
0-1: Ball
1-1: Swinging Strike
1-2: Fly out, F7 (Flyball, 78D, EV 96.9 MPH)
Batting: RHB Donnie McLaughlin 0-0: Foul Ball, location: 2F
0-1: Ball
1-1: Called Strike
1-2: Ball
2-2: Ball
3-2: SINGLE (Line Drive, 7S, EV 110.0 MPH)
Batting: RHB Dwight Carter 0-0: Ball
1-0: Called Strike
1-1: Called Strike
1-2: SINGLE (Groundball, 4MD, EV 103.8 MPH)
Donnie McLaughlin to second
Runner from 2nd tries for 3rd, SAFE, throw by CF made to third
Batting: RHB Rob Andrews 0-0: Ball
1-0: Called Strike
1-1: Swinging Strike
1-2: Foul Ball, location: 2F
1-2: SINGLE (Groundball, 4MD, EV 98.1 MPH)
Donnie McLaughlin scores
Dwight Carter to second
Runner from 2nd tries for 3rd, SAFE, no throw by CF
Batting: LHB Creighton Tevlin 0-0: Ball
1-0: Called Strike
1-1: Ball
2-1: Called Strike
2-2: Ball
Pickoff Throw to First - Error! E1
Dwight Carter scores
Rob Andrews to second
3-2: Ground out 1-3 (Groundball, 23, EV 71.9 MPH)
Bottom of the 2nd over - 2 runs, 3 hits, 1 error, 1 left on base; Panama City 0 - Nassau 2
TOP OF THE 3RD
Panama City Capitales batting - Pitching for Nassau Black Sails : RHP Ronald DeJean
Batting: RHB Vic Rodriguez 0-0: Foul Ball, location: 2F
0-1: Fly out, F8 (Line Drive, 8RM, EV 105.0 MPH)
Batting: RHB Jim Teller 0-0: Ball
1-0: Foul Ball, location: 2F
1-1: Ball
2-1: Ground out 1-3 (Groundball, 13S, EV 71.9 MPH)
Batting: SHB Tim Raines 0-0: Ball
1-0: Ball
2-0: SINGLE (Groundball, 6D, EV 101.9 MPH)
Batting: RHB David Hall 0-0: Ball
Tim Raines steals 2nd, throwing error, E2
Tim Raines to third
1-0: Called Strike
1-1: Foul Ball, location: 2F
1-2: Ground out U3 (Groundball, 34, EV 108.1 MPH)
Top of the 3rd over - 0 runs, 1 hit, 1 error, 1 left on base; Panama City 0 - Nassau 2
BOTTOM OF THE 3RD
Nassau Black Sails batting - Pitching for Panama City Capitales : RHP Gene Nelson
Batting: LHB Jason Turner 0-0: Fly out, F7 (Flyball, 7, EV 92.5 MPH)
Batting: LHB Phil Childers 0-0: Called Strike
0-1: Swinging Strike
0-2: SINGLE (Groundball, 4D, EV 100.0 MPH)
Batting: RHB Gene Laguna 0-0: Ball
1-0: Ball
2-0: Foul Ball, location: 2F
2-1: Ball
3-1: Base on Balls
Phil Childers to second
Batting: RHB Juan Martinez 0-0: Ball
1-0: Ball
2-0: Called Strike
2-1: Foul Ball, location: 2F
2-2: Ball
3-2: Base on Balls
Phil Childers to third
Gene Laguna to second
Batting: RHB Justin Henderson 0-0: Foul Ball, location: 2F
0-1: Swinging Strike
0-2: Ball
1-2: Ball
2-2: Ball
3-2: Strikes out swinging
Batting: RHB Donnie McLaughlin 0-0: Called Strike
0-1: Foul Ball, location: 2F
0-2: Ball
1-2: SINGLE (Groundball, 56D, EV 99.4 MPH)
Phil Childers scores
Gene Laguna to third
Juan Martinez to second
Runner from 3rd tries for Home, SAFE, no throw by LF
Batting: RHB Dwight Carter 0-0: Fielders Choice at 2nd, 5-4 (Groundball, 56, EV 84.4 MPH)
Bottom of the 3rd over - 2 runs, 2 hits, 0 errors, 2 left on base; Panama City 0 - Nassau 4
TOP OF THE 4TH
Panama City Capitales batting - Pitching for Nassau Black Sails : RHP Ronald DeJean
Batting: LHB Kent Hrbek 0-0: Swinging Strike
0-1: Ball
1-1: Ball
2-1: Ball
3-1: Foul Ball, location: 2F
3-2: Base on Balls
Batting: RHB Pedro Guerrero 0-0: Ball
1-0: Called Strike
1-1: Ball
2-1: Fielders Choice at 2nd, 6-4 (Groundball, 6, EV 82.5 MPH)
Batting: RHB Rod Allen 0-0: Fly out, F7 (Flyball, 7LDF, EV 104.4 MPH)
Batting: SHB Larry Hyman 0-0: Called Strike
0-1: Foul Ball, location: 2F
0-2: Ball
1-2: Ground out 4-3 (Groundball, 4, EV 92.5 MPH)
Top of the 4th over - 0 runs, 0 hits, 0 errors, 1 left on base; Panama City 0 - Nassau 4
BOTTOM OF THE 4TH
Nassau Black Sails batting - Pitching for Panama City Capitales : RHP Gene Nelson
Batting: RHB Rob Andrews 0-0: Fly out, F6 (Flyball, 56D, EV 90.6 MPH)
Batting: LHB Creighton Tevlin 0-0: Ground out 4-3 (Groundball, 4, EV 85.6 MPH)
Batting: LHB Jason Turner 0-0: Called Strike
0-1: Ball
1-1: Ball
2-1: Foul Ball, location: 2F
2-2: Ball
3-2: Foul Ball, location: 2F
3-2: SINGLE (Flyball, 7LM, EV 95.6 MPH)
Batting: LHB Phil Childers 0-0: Ball
1-0: Ball
2-0: Called Strike
2-1: SINGLE (Groundball, 4MD, EV 93.8 MPH)
Jason Turner to second
Runner from 2nd tries for 3rd, SAFE, no throw by CF
Batting: RHB Gene Laguna 0-0: Swinging Strike
0-1: Swinging Strike
0-2: Strikes out swinging
Bottom of the 4th over - 0 runs, 2 hits, 0 errors, 2 left on base; Panama City 0 - Nassau 4
TOP OF THE 5TH
Panama City Capitales batting - Pitching for Nassau Black Sails : RHP Ronald DeJean
Batting: LHB Denny Porter 0-0: Called Strike
0-1: Swinging Strike
0-2: Strikes out swinging
Batting: RHB Vic Rodriguez 0-0: Ball
1-0: Ball
2-0: Ball
3-0: Base on Balls
Batting: RHB Jim Teller 0-0: Called Strike
0-1: Called Strike
0-2: Ball
1-2: Ball
2-2: Ball
3-2: Strikes out looking
Batting: SHB Tim Raines 0-0: Called Strike
0-1: Fly out, F4 (Popup, 4S, EV 81.9 MPH)
Top of the 5th over - 0 runs, 0 hits, 0 errors, 1 left on base; Panama City 0 - Nassau 4
BOTTOM OF THE 5TH
Nassau Black Sails batting - Pitching for Panama City Capitales : RHP Gene Nelson
Batting: RHB Juan Martinez 0-0: Ball
1-0: Foul Ball, location: 2F
1-1: Called Strike
1-2: SINGLE (Line Drive, 78S, EV 91.9 MPH)
Batting: RHB Justin Henderson 0-0: Foul Ball, location: 2F
0-1: Ball
1-1: Grounds into double play, 4-6-3 (Groundball, 4, EV 79.4 MPH)
Batting: RHB Donnie McLaughlin 0-0: Called Strike
0-1: Ball
1-1: Ball
2-1: Ground out 6-3 (Groundball, 6, EV 90.0 MPH)
Bottom of the 5th over - 0 runs, 1 hit, 0 errors, 0 left on base; Panama City 0 - Nassau 4
TOP OF THE 6TH
Panama City Capitales batting - Pitching for Nassau Black Sails : RHP Ronald DeJean
Batting: RHB David Hall 0-0: Ball
1-0: Ball
2-0: Ball
3-0: Called Strike
3-1: Base on Balls
Batting: LHB Kent Hrbek 0-0: Grounds into double play, 6-4-3 (Groundball, 6, EV 86.9 MPH)
Batting: RHB Pedro Guerrero 0-0: Ground out 5-3 (Groundball, 56, EV 90.0 MPH)
Top of the 6th over - 0 runs, 0 hits, 0 errors, 0 left on base; Panama City 0 - Nassau 4
BOTTOM OF THE 6TH
Nassau Black Sails batting - Pitching for Panama City Capitales : RHP Gene Nelson
Batting: RHB Dwight Carter 0-0: Ball
1-0: Swinging Strike
1-1: Ball
2-1: Fly out, F8 (Flyball, 8RS, EV 86.9 MPH)
Batting: RHB Rob Andrews 0-0: Ground out 5-3 (Groundball, 56, EV 88.1 MPH)
Batting: LHB Creighton Tevlin 0-0: Ball
1-0: Ball
2-0: Called Strike
2-1: Foul Ball, location: 2F
2-2: Strikes out looking
Bottom of the 6th over - 0 runs, 0 hits, 0 errors, 0 left on base; Panama City 0 - Nassau 4
TOP OF THE 7TH
Panama City Capitales batting - Pitching for Nassau Black Sails : RHP Ronald DeJean
Batting: RHB Rod Allen 0-0: Ball
1-0: Foul Ball, location: 2F
1-1: Fly out, F7 (Flyball, 78S, EV 87.5 MPH)
Batting: SHB Larry Hyman 0-0: Foul Ball, location: 2F
0-1: Fly out, F7 (Flyball, 78D, EV 93.1 MPH)
Batting: LHB Denny Porter 0-0: Ball
1-0: Foul Ball, location: 2F
1-1: Ball
2-1: Ball
3-1: Foul Ball, location: 2F
3-2: Base on Balls
Batting: RHB Vic Rodriguez 0-0: Fielders Choice at 2nd, 5-4 (Groundball, 56, EV 91.3 MPH)
Top of the 7th over - 0 runs, 0 hits, 0 errors, 1 left on base; Panama City 0 - Nassau 4
BOTTOM OF THE 7TH
Nassau Black Sails batting - Pitching for Panama City Capitales : RHP Gene Nelson
Batting: LHB Jason Turner 0-0: Ground out 1-3 (Groundball, 13S, EV 71.3 MPH)
Batting: LHB Phil Childers 0-0: Ball
1-0: Foul Ball, location: 2F
1-1: Ball
2-1: Ball
3-1: Foul Ball, location: 2F
3-2: Foul Ball, location: 2F
3-2: Fly out, F9 (Flyball, 9LS, EV 83.1 MPH)
Batting: RHB Gene Laguna 0-0: SOLO HOME RUN (Flyball, 7D, EV 94.4 MPH), Distance : 377 ft
Pitching: RHP Jim Dorsey
Batting: RHB Juan Martinez 0-0: Foul Ball, location: 2F
0-1: Foul Ball, location: 2F
0-2: Ball
1-2: Ball
2-2: SINGLE (Flyball, 78S, EV 96.3 MPH)
Batting: RHB Justin Henderson 0-0: Called Strike
0-1: Ball
1-1: Ball
2-1: Fielders Choice at 2nd, 5-4 (Groundball, 5, EV 83.1 MPH)
Bottom of the 7th over - 1 run, 2 hits, 0 errors, 1 left on base; Panama City 0 - Nassau 5
TOP OF THE 8TH
Panama City Capitales batting - Pitching for Nassau Black Sails : RHP Ronald DeJean
Batting: RHB Jim Teller 0-0: Called Strike
0-1: Ground out 6-3 (Groundball, 6M, EV 86.9 MPH)
Batting: SHB Tim Raines 0-0: Called Strike
0-1: Ground out 1-3 (Groundball, 34S, EV 85.6 MPH)
Batting: RHB David Hall 0-0: Ball
1-0: Foul Ball, location: 2F
1-1: Fly out, F8 (Flyball, 8RD, EV 101.9 MPH)
Top of the 8th over - 0 runs, 0 hits, 0 errors, 0 left on base; Panama City 0 - Nassau 5
BOTTOM OF THE 8TH
Nassau Black Sails batting - Pitching for Panama City Capitales : RHP Jim Dorsey
Batting: RHB Donnie McLaughlin 0-0: Called Strike
0-1: Ball
1-1: Swinging Strike
1-2: Fly out, F8 (Flyball, 8LM, EV 79.4 MPH)
Batting: RHB Dwight Carter 0-0: Ball
1-0: Ground out 4-3 (Groundball, 4, EV 103.1 MPH)
Batting: RHB Rob Andrews 0-0: Ball
1-0: DOUBLE (Line Drive, 89M, EV 101.3 MPH)
Batting: LHB Creighton Tevlin 0-0: Foul Ball, location: 2F
0-1: Ball
1-1: Ground out 3-1 (Groundball, 34, EV 80.6 MPH)
Bottom of the 8th over - 0 runs, 1 hit, 0 errors, 1 left on base; Panama City 0 - Nassau 5
TOP OF THE 9TH
Panama City Capitales batting - Pitching for Nassau Black Sails : RHP Ronald DeJean
Batting: LHB Kent Hrbek 0-0: Foul Ball, location: 2F
0-1: Single, Error in OF, E8, batter to second base (Groundball, 4MD, EV 107.5 MPH)
Batting: RHB Pedro Guerrero 0-0: Called Strike
0-1: Ball
1-1: Ball
2-1: Foul Ball, location: 2F
2-2: Foul Ball, location: 2F
2-2: Fly out, F9 (Flyball, 89XD, EV 91.9 MPH)
Runner from 2nd tags up, SAFE at 3rd, no throw by RF
Batting: RHB Rod Allen 0-0: Ground out 4-3 (Groundball, 4, EV 87.5 MPH)
Kent Hrbek scores
Batting: SHB Larry Hyman 0-0: Ball
1-0: Called Strike
1-1: Foul Ball, location: 2F
1-2: Ball
2-2: Foul Ball, location: 2F
2-2: Ground out 3-1 (Groundball, 34, EV 105.6 MPH)
Top of the 9th over - 1 run, 1 hit, 1 error, 0 left on base; Panama City 1 - Nassau 5
Tuesday, July 7th, 2020 - OOTP Baseball 21.4 Build 63